 Dungeon Crawl Stone Soup version 0.24.0-29-g8ce449bc06 (webtiles) character file.

Game seed: 12910929286398909940, levelgen mode: deterministic

975 Luthien the Destroyer (level 7, -19/36 HPs)
             Began as a Deep Elf Conjurer on Nov 16, 2019.
             Was an Initiate of Vehumet.
             Demolished by a two-headed ogre
             ... wielding a +0 giant spiked club
              (35 damage)
             ... on level 5 of the Dungeon.
             The game lasted 00:28:29 (5766 turns).

Luthien the Destroyer (Deep Elf Conjurer)           Turns: 5766, Time: 00:28:30

Health: -19/36     AC:  4    Str:  8    XL:     7   Next: 95%
Magic:  2/20       EV: 13    Int: 20    God:    Vehumet [......]
Gold:   98         SH:  0    Dex: 19    Spells: 10/21 levels left

rFire    . . .     SeeInvis .   H - +8 spear "Vary" {vamp, rElec Str+3 Dex+2}
rCold    . . .     Gourm    .   (no shield)
rNeg     . . .     Faith    .   x - +0 leather armour
rPois    .         Spirit   .   (no helmet)
rElec    +         Reflect  .   (no cloak)
rCorr    +         Harm     .   B - +0 pair of gloves (curse)
MR       .....                  (no boots)
Stlth    ++........             (no amulet)
HPRegen  0.12/turn              o - ring of resist corrosion
MPRegen  0.17/turn              F - ring of resist corrosion

@: very slightly contaminated
A: no striking features
a: Renounce Religion


You were on level 5 of the Dungeon.
You worshipped Vehumet.
Vehumet was noncommittal.
You were not hungry.

You visited 1 branch of the dungeon, and saw 5 of its levels.

You collected 98 gold pieces.

Inventory:

Hand Weapons
 e - a +0 dagger
 p - a +0 dagger
 w - a +0 long sword
 H - the +8 spear "Vary" (weapon) {vamp, rElec Str+3 Dex+2}
   (You found it on level 4 of the Dungeon)

   It inflicts no extra harm, but heals its wielder when it wounds a living foe.
   It affects your strength (+3).
   It affects your dexterity (+2).
   It insulates you from electricity.
 L - a +0 short sword
Missiles
 g - 67 stones (quivered)
 u - 9 boomerangs
 y - 13 arrows
Armour
 a - a +0 robe
 d - a +0 ring mail
 f - a +0 chain mail
 i - a +0 leather armour
 l - a +0 chain mail
 n - a +0 robe
 v - a +3 ring mail
 x - a +0 leather armour (worn)
 z - a +0 ring mail
 B - a cursed +0 pair of gloves (worn)
 D - a cursed +0 scale mail
Jewellery
 o - a ring of resist corrosion (left hand)
 F - a ring of resist corrosion (right hand)
 I - an uncursed ring of stealth {unknown}
Scrolls
 b - a scroll of enchant armour {unknown}
 h - 2 scrolls of magic mapping
 k - 9 scrolls of identify
 m - 2 scrolls of fear {unknown}
 q - 2 scrolls of remove curse {unknown}
 r - 3 scrolls of enchant weapon {unknown}
 s - a scroll of random uselessness {unknown}
 t - a scroll of teleportation {unknown}
 E - a scroll of noise {unknown}
 K - a scroll of immolation {unknown}
Potions
 j - 3 potions of invisibility {unknown}
 A - 2 potions of curing {unknown}
 C - a potion of brilliance {unknown}
 G - a potion of heal wounds {unknown}
 J - a potion of flight {unknown}
 M - 3 potions of haste {unknown}
Comestibles
 c - 5 rations


   Skills:
 - Level 2.7 Dodging
 - Level 2.7 Stealth
 + Level 7.9 Spellcasting
 + Level 9.0 Conjurations


You had 10 spell levels left.
You knew the following spells:

 Your Spells              Type           Power        Failure   Level  Hunger
a - Magic Dart            Conj           ####         1%          1    None
b - Searing Ray           Conj           #####.       1%          2    None
c - Iskenderun's Mystic   Conj           #####...     3%          4    ###....
d - Fulminant Prism       Conj/Hex       ####......   21%         4    ###....

Your spell library contained the following spells:

 Spells                   Type           Power        Failure   Level  Hunger
 Dazzling Spray           Conj/Hex       ####..       6%          3    None
 Force Lance              Conj/Tloc      ####....     21%         4    ###....


Dungeon Overview and Level Annotations

Branches:
Dungeon (5/15)             Temple (0/1) D:4

Altars:
Dithmenos
Elyvilon
Qazlal
Uskayaw
Vehumet

Annotations:
D:3 3 runed translucent doors, Esos's ghost, amateur DgIE


Message History

Casting: Fulminant Prism (slightly dangerous; 21% risk of failure)
Confirm with . or Enter, or press ? or * to list all spells.
Aiming: Fulminant Prism (slightly dangerous; 21% risk of failure)
Press: ? - help, Dir - move target cursor You conjure a prism of explosive energy!
A fulminant prism comes into view.
Your fulminant prism crackles loudly.
You hear the brisk rusting of a very distant drain.
Your fulminant prism explodes!
The blast of energy engulfs the two-headed ogre!
The two-headed ogre is almost dead.
Casting: Fulminant Prism (slightly dangerous; 21% risk of failure)
Confirm with . or Enter, or press ? or * to list all spells.
Aiming: Fulminant Prism (slightly dangerous; 21% risk of failure)
Press: ? - help, Dir - move target cursor You conjure a prism of explosive energy!
A fulminant prism comes into view.
The two-headed ogre hits you with a +0 giant spiked club!!
Ouch! That really hurt!
You die...

....................#*##..#......
..................#.##....#...###
........##......O.#.#..........**
#.......###....###............,,,
##......##.....##.............,,,
*.............#...##..!...##.,,,
**,,,,,.###(...#...#*...##,**,,,,
*,,,,,,,,#...#..O*.#......,,,,***
*,,,,,,,....###.@........#***,,**
*****,,,................,#*,,,,,,
*,,,,................,,,,,,,,
****,............#...**,,,,,,
**#...............**,,,,,,
***#..#>......#....**,,,,,,
*≈≈≈≈≈##...###....,**,,,,,,
*≈*##≈,.?...*,....,*,,,,,,*
*≈≈≈≈≈>**,,,,,,,,,,,*,,,,,,


You could see a two-headed ogre and a friendly fulminant prism.

Vanquished Creatures
  Grinder (D:3)
  Edmund (D:5)
  A sky beast (D:5)
  2 ogres (D:4)
  A scorpion (D:4)
  A crimson imp (D:5)
  An orc wizard (D:5)
  5 worker ants
  10 adders
  An ooze (D:3)
  4 worms
  7 dart slugs
  3 leopard geckos
  5 orcs
  7 giant cockroaches
  4 hobgoblins
  4 kobolds
  A quokka (D:3)
  A ball python (D:4)
  9 bats
  5 frilled lizards
  5 goblins
  6 rats
85 creatures vanquished.

Vanquished Creatures (others)
  9 fulminant prisms (D:5)
9 creatures vanquished.

Grand Total: 94 creatures vanquished

Notes
Turn   | Place    | Note
-------+----------+-------------------------------------------
     0 | D:1      | Luthien the Deep Elf Conjurer began the quest for the Orb.
     0 | D:1      | Reached XP level 1. HP: 10/10 MP: 6/6
   230 | D:1      | Reached XP level 2. HP: 15/15 MP: 6/8
   234 | D:1      | Learned a level 2 spell: Searing Ray
   660 | D:1      | Reached skill level 5 in Conjurations
   969 | D:2      | Reached XP level 3. HP: 19/19 MP: 7/9
  2229 | D:2      | Reached XP level 4. HP: 24/24 MP: 7/10
  2300 | D:2      | Reached skill level 6 in Conjurations
  2306 | D:2      | Learned a level 4 spell: Iskenderun's Mystic Blast
  3009 | D:3      | Found a runed translucent gate.
  3009 | D:3      | Found a runed translucent gate.
  3009 | D:3      | Found a runed translucent gate.
  3009 | D:3      | Noticed Esos's ghost (amateur DgIE)
  3093 | D:3      | Found a stormy altar of Qazlal.
  3101 | D:3      | Noticed a centaur
  3334 | D:2      | Reached XP level 5. HP: 28/28 MP: 1/12
  3564 | D:3      | Found a radiant altar of Vehumet.
  3591 | D:3      | Became a worshipper of Vehumet
  3838 | D:3      | Noticed Grinder
  3848 | D:3      | Killed Grinder
  3848 | D:3      | Reached skill level 5 in Spellcasting
  3848 | D:3      | Reached skill level 7 in Conjurations
  3848 | D:3      | Reached XP level 6. HP: 5/32 MP: 1/15
  4364 | D:4      | Found a shadowy altar of Dithmenos.
  4381 | D:4      | Found a staircase to the Ecumenical Temple.
  4575 | D:4      | Found a white marble altar of Elyvilon.
  4844 | D:4      | Found a white marble altar of Elyvilon.
  4860 | D:4      | Reached skill level 8 in Conjurations
  4860 | D:4      | Reached XP level 7. HP: 36/36 MP: 15/18
  4866 | D:4      | Learned a level 4 spell: Fulminant Prism
  5047 | D:4      | Got a brightly glowing spear
  5051 | D:4      | Identified the +8 spear "Vary" {vamp, rElec Str+3 Dex+2}
                  | (You found it on level 4 of the Dungeon)
  5436 | D:5      | Entered Level 5 of the Dungeon
  5539 | D:5      | Noticed a two-headed ogre
  5615 | D:5      | Found a hide-covered altar of Uskayaw.
  5649 | D:5      | Noticed Edmund
  5657 | D:5      | Killed Edmund
  5664 | D:5      | Reached skill level 9 in Conjurations
  5766 | D:5      | Demolished by a two-headed ogre

Levels and vault maps discovered:
D:1:      ncdulo_watergridlock, layout_basic
D:2:      layout_basic, first_ration, lemuel_flame_loot_1
D:3:      layout_loops_ring, vehumet_crystals, gammafunk_ghost_split,
          nicolae_qazlal_eye_of_the_storm, uniq_grinder
D:4:      layout_loops_ring, nicolae_overflow_hidden_temple,
          kennysheep_mini_moat, minmay_temple_entry_tees, elyvilon_altar_3
D:5:      layout_cave_pools, makhleb_altar_promises_db,
          nicolae_overflow_crystal_walls, cheibrodos_sewer_entry_bend,
          minmay_tree_intersection, minmay_crystal_water, uniq_edmund

Skill      XL: |  1  2  3  4  5  6  7 |
---------------+----------------------+-----
Conjurations   | 5 6 7 8 9 |  9.0
Spellcasting   | 5 6 7 |  7.9
Dodging        | |  2.7
Stealth        | |  2.7

Action                   |  1- 3 |  4- 6 |  7- 9 || total
-------------------------+-------+-------+-------++-------
Melee: Dagger            |       |    10 |       ||    10
 Cast: Magic Dart        |    72 |    55 |    23 ||   150
       Searing Ray       |     6 |    20 |     4 ||    30
       Fulminant Prism   |       |       |    10 ||    10
  Use: Scroll            |       |       |     2 ||     2
  Eat: Chunk             |     4 |     8 |     2 ||    14
       Ration            |       |       |     1 ||     1
Armor: Ring mail         |       |    10 |       ||    10
       Leather armour    |       |     3 |       ||     3
Dodge: Dodged            |     7 |    16 |     2 ||    25
